 Dungeon Crawl Stone Soup version 0.29.0-15-g675c0067aa (webtiles) character file.

Game seed: 689404104765196191

455 qw the Cleaver (level 6, -1/56 HPs)
             Began as a Minotaur Berserker on Sept 13, 2022.
             Was a Believer of Trog.
             Slain by a gnoll sergeant
             ... wielding a +2 spear of freezing
              (6 damage)
             ... on level 5 of the Dungeon.
             The game lasted 00:01:30 (3934 turns).

qw the Cleaver (Minotaur Berserker)                 Turns: 3934, Time: 00:01:30

Health: -1/56      AC: 13    Str: 24    XL:     6   Next: 76%
Magic:  5/5        EV:  8    Int:  4    God:    Trog [**....]
Gold:   65         SH:  0    Dex:  9    Spells: 5/5 levels left

rFire   . . .      SeeInvis .   Y - +0 hand axe
rCold   . . .      Faith    .   (no shield)
rNeg    . . .      Spirit   .   c - +0 chain mail
rPois   +          Reflect  .   (helmet restricted)
rElec   .          Harm     .   (no cloak)
rCorr   .          Rampage  .   (no gloves)
Will    .....                   e - +0 pair of boots
Stlth   ..........              f - amulet of the acrobat
HPRegen 0.18/turn               h - ring of poison resistance
MPRegen 0.09/turn               m - +4 ring of protection

@: about to teleport, on berserk cooldown, slowed, very slow
A: horns 2, retaliatory headbutt
a: Renounce Religion, Berserk, Trog's Hand


You were on level 5 of the Dungeon.
You worshipped Trog.
Trog was pleased with you.
You visited 1 branch of the dungeon, and saw 5 of its levels.

You collected 165 gold pieces.
You spent 100 gold pieces at shops.


Innate Abilities, Weirdness & Mutations

You have a pair of horns on your head.
You reflexively headbutt those who attack you in melee.


   Skills:
 - Level 5.2 Fighting
 + Level 8.4 Axes
 - Level 2.4 Armour
 - Level 2.1 Dodging


You had 5 spell levels left.
You didn't know any spells.
Your spell library was empty.

Inventory:

Hand Weapons
 k - a +3 flail
 Y - a +0 hand axe (weapon)
Armour
 c - a +0 chain mail (worn)
 e - a +0 pair of boots (worn)
Jewellery
 a - a ring of resist corrosion
 f - an amulet of the acrobat (around neck)
 h - a ring of poison resistance (left hand)
 j - an amulet of regeneration
 m - a +4 ring of protection (right hand)
Scrolls
 d - 2 scrolls of identify
 g - 2 scrolls of teleportation
Potions
 b - 4 potions of curing

Dungeon Overview and Level Annotations

Branches:
Dungeon (5/15)
 Temple: D:4-7

Altars:
Gozag
Sif Muna
Trog
Yredelemnul
Zin

Shops:
D:1 [   D:3 !

Annotations:
D:3 1 runed translucent door
D:5 Edmund


Message History

The bullfrog hits you but does no damage.
You hit the bullfrog but do no damage.
The bullfrog is severely wounded.
The bullfrog completely misses you. You furiously retaliate!
You headbutt the bullfrog!
The gnoll sergeant hits you from afar with a +2 spear of freezing!
The gnoll sergeant freezes you.
The gnoll sergeant hits you from afar with a +2 spear of freezing!
The gnoll sergeant freezes you.
The bullfrog hits you but does no damage.
You barely miss the bullfrog. You headbutt the bullfrog.
You kill the bullfrog!
Trog accepts your kill.
The gnoll sergeant hits you but does no damage.
Your Axes skill increases to level 8!
You hit the gnoll. You headbutt the gnoll!
You kill the gnoll!
Trog accepts your kill. The gnoll sergeant misses you.
Edmund hits you with a +2 flail of holy wrath.
The gnoll sergeant hits you but does no damage.
You closely miss Edmund. Edmund hits you but does no damage.
The gnoll sergeant closely misses you.
You slash Edmund!
Edmund is lightly wounded.
Edmund hits you with a +2 flail of holy wrath!
The gnoll sergeant hits you from afar with a +2 spear of freezing.
The gnoll sergeant freezes you.
3933 ||| READING 3 scrolls of teleportation.
As you read the scroll of teleportation, it crumbles to dust.
You feel strangely unstable.
Edmund hits you with a +2 flail of holy wrath.
The gnoll sergeant hits you but does no damage.
Edmund closely misses you.
The gnoll sergeant hits you but does no damage.
You closely miss Edmund.
Edmund is lightly wounded.
Edmund hits you but does no damage.
The gnoll sergeant hits you from afar with a +2 spear of freezing.
You die...

. ###.###
...... #.#..
.(.. .##.#..
###
.....g@####.##
#@##.#.##
#.#))###.##
#.##.##
##.########
#.##.##
##........ ##
## ##.########
##.## #...#
+.#.######
###......#


You could see Edmund and a gnoll sergeant.

Vanquished Creatures
  An ogre (D:5)
  A bullfrog (D:5)
  A scorpion (D:5)
  A howler monkey (D:5)
  9 gnolls
  2 adders (D:2)
  A white imp (D:3)
  2 worms (D:2)
  A dart slug (D:1)
  6 ball pythons
  4 bats
  4 endoplasms
  8 giant cockroaches
  7 hobgoblins
  3 jackals (D:1)
  5 quokkas
  A frilled lizard (D:2)
  15 goblins
  5 kobolds
  8 rats
85 creatures vanquished.

Notes
Turn   | Place    | Note
-------+----------+-------------------------------------------
     0 | D:1      | qw the Minotaur Berserker began the quest for the Orb.
     0 | D:1      | Reached XP level 1. HP: 19/19 MP: 0/0
     0 | D:1      | 0 ||| qw: Version: 0.1-a-119-g272c26d
     0 | D:1      | 0 ||| qw: Game counter: 11071
     0 | D:1      | 0 ||| qw: Always use a shield: true
     0 | D:1      | 0 ||| qw: Do Orc after D:15 true
     0 | D:1      | 0 ||| qw: Do second Lair branch before Depths: true
     0 | D:1      | 0 ||| qw: Lair rune preference: random
     0 | D:1      | 0 ||| qw: Plans: Normal
     0 | D:1      | 0 ||| PLANNING D:1-11
     4 | D:1      | 4 ||| Stepping ~*~*~tactically~*~*~ (stealth).
     6 | D:1      | 6 ||| Stepping ~*~*~tactically~*~*~ (stealth).
     9 | D:1      | 9 ||| Stepping ~*~*~tactically~*~*~ (stealth).
    12 | D:1      | 12 ||| INVOKING Berserk.
    17 | D:1      | Reached skill level 4 in Axes
   278 | D:1      | Reached XP level 2. HP: 26/26 MP: 1/1
   452 | D:1      | 452 ||| Stepping ~*~*~tactically~*~*~ (stealth).
   454 | D:1      | 454 ||| Stepping ~*~*~tactically~*~*~ (stealth).
   682 | D:1      | Reached skill level 5 in Axes
   817 | D:1      | Found Ejagud's Antique Armour Emporium.
   826 | D:1      | 826 ||| SHOPLISTING chain mail (130 gold, have 62).
   826 | D:1      | 826 ||| BUYING leather armour (58 gold).
   826 | D:1      | Bought a leather armour for 58 gold pieces
   826 | D:1      | 826 ||| SHOPLISTING ring mail (116 gold, have 4).
   826 | D:1      | 826 ||| SHOPLISTING runed ring mail (203 gold, have 4).
   826 | D:1      | 826 ||| SHOPLISTING scale mail (116 gold, have 4).
   863 | D:1      | 863 ||| Stepping ~*~*~tactically~*~*~ (stealth).
   959 | D:1      | 959 ||| UPGRADING to +0 leather armour.
   969 | D:1      | 969 ||| DROPPING +0 animal skin.
   970 | D:1      | 970 ||| UPGRADING to amulet of the acrobat.
   975 | D:1      | 975 ||| DROPPING ring of flight.
   976 | D:1      | 976 ||| UPGRADING to ring of poison resistance.
   977 | D:1      | 977 ||| READING scroll labelled UTEQOEQIXA.
   978 | D:1      | 978 ||| READING scroll labelled TUGAN COKLOUCU.
   981 | D:1      | 981 ||| DRINKING 2 blue potions.
  1082 | D:1      | 1082 ||| DROPPING potion of ambrosia.
  1117 | D:2      | Reached XP level 3. HP: 28/31 MP: 2/2
  1218 | D:2      | 1218 ||| INVOKING Berserk.
  1231 | D:2      | 1231 ||| Stepping ~*~*~tactically~*~*~ (stealth).
  1313 | D:2      | 1313 ||| INVOKING Berserk.
  1583 | D:2      | Reached skill level 6 in Axes
  1583 | D:2      | Reached XP level 4. HP: 38/39 MP: 3/3
  1644 | D:2      | Reached ** piety under Trog
  1850 | D:2      | 1850 ||| Stepping ~*~*~tactically~*~*~ (hiding).
  1851 | D:2      | 1851 ||| Stepping ~*~*~tactically~*~*~ (hiding).
  1854 | D:2      | 1854 ||| INVOKING Berserk.
  1920 | D:2      | 1920 ||| DROPPING +0 whip.
  2063 | D:2      | 2063 ||| UPGRADING to +0 ring mail.
  2073 | D:2      | 2073 ||| DROPPING +0 leather armour.
  2074 | D:2      | 2074 ||| READING 2 scrolls labelled CAXTAT YCE.
  2075 | D:2      | 2075 ||| DRINKING 2 metallic clear potions.
  2076 | D:2      | 2076 ||| DROPPING scroll of immolation.
  2182 | D:3      | Found a runed translucent door.
  2182 | D:3      | Noticed a human
  2187 | D:3      | 2187 ||| UPGRADING to +1 ring mail of willpower.
  2203 | D:3      | 2203 ||| DROPPING +0 ring mail.
  2206 | D:3      | Found a basalt altar of Yredelemnul.
  2207 | D:3      | 2207 ||| READING 2 scrolls of teleportation.
  2211 | D:3      | 2211 ||| FLEEEEING.
  2225 | D:3      | Found a faded altar of an unknown god.
  2410 | D:3      | 2410 ||| Stepping ~*~*~tactically~*~*~ (stealth).
  2464 | D:3      | 2464 ||| Stepping ~*~*~tactically~*~*~ (stealth).
  2479 | D:3      | 2479 ||| Stepping ~*~*~tactically~*~*~ (stealth).
  2585 | D:3      | 2585 ||| Stepping ~*~*~tactically~*~*~ (stealth).
  2643 | D:3      | Found a glowing silver altar of Zin.
  2645 | D:3      | Reached XP level 5. HP: 45/45 MP: 4/4
  2678 | D:3      | Found Nudeh's Distillery.
  2731 | D:3      | 2731 ||| SHOPLISTING 2 potions of cancellation (224 gold,
                  | have 58).
  2731 | D:3      | 2731 ||| SHOPLISTING potion of cancellation (112 gold, have
                  | 58).
  2731 | D:3      | 2731 ||| BUYING potion of curing (42 gold).
  2731 | D:3      | Bought a potion of curing for 42 gold pieces
  2731 | D:3      | 2731 ||| SHOPLISTING potion of curing (42 gold, have 16).
  2731 | D:3      | 2731 ||| SHOPLISTING potion of haste (140 gold, have 16).
  2731 | D:3      | 2731 ||| SHOPLISTING potion of mutation (112 gold, have
                  | 16).
  2737 | D:3      | 2737 ||| Stepping ~*~*~tactically~*~*~ (stealth).
  2781 | D:3      | 2781 ||| INVOKING Berserk.
  2783 | D:3      | Reached skill level 7 in Axes
  2804 | D:3      | 2804 ||| Stepping ~*~*~tactically~*~*~ (stealth).
  2905 | D:3      | Found a bloodstained altar of Trog.
  2916 | D:3      | Found a shimmering blue altar of Sif Muna.
  2917 | D:3      | 2917 ||| Stepping ~*~*~tactically~*~*~ (hiding).
  3207 | D:3      | 3207 ||| DROPPING +0 robe of cold resistance.
  3208 | D:3      | 3208 ||| UPGRADING to +4 ring of protection.
  3209 | D:3      | 3209 ||| READING scroll labelled LIRRAOTIFO.
  3210 | D:3      | 3210 ||| READING scroll labelled LATRES JUARCH.
  3211 | D:3      | 3211 ||| DRINKING 3 fuming inky potions.
  3212 | D:3      | 3212 ||| DROPPING 2 potions of attraction.
  3427 | D:4      | 3427 ||| Stepping ~*~*~tactically~*~*~ (stealth).
  3434 | D:4      | 3434 ||| Stepping ~*~*~tactically~*~*~ (stealth).
  3531 | D:4      | Identified the +6 mace "Gigadosu" {vorpal, Str+3 Dex-2
                  | Stlth+}
  3533 | D:4      | 3533 ||| DROPPING +6 mace "Gigadosu" {vorpal, Str+3 Dex-2
                  | Stlth+}.
  3558 | D:4      | Found an opulent altar of Gozag.
  3625 | D:4      | 3625 ||| UPGRADING to +0 chain mail.
  3635 | D:4      | 3635 ||| DROPPING +1 ring mail of willpower.
  3636 | D:4      | 3636 ||| UPGRADING to +0 pair of boots.
  3641 | D:4      | 3641 ||| READING 3 scrolls of identify.
  3641 | D:4      | 3641 ||| IDENTIFYING pink potion
  3642 | D:4      | 3642 ||| READING 2 scrolls of identify.
  3642 | D:4      | 3642 ||| IDENTIFYING cyan potion
  3643 | D:4      | 3643 ||| DROPPING potion of degeneration.
  3644 | D:4      | 3644 ||| DROPPING potion of lignification.
  3657 | D:5      | Entered Level 5 of the Dungeon
  3657 | D:5      | Noticed an ogre
  3660 | D:5      | 3660 ||| INVOKING Berserk.
  3662 | D:5      | Killed an ogre
  3670 | D:5      | Reached XP level 6. HP: 56/56 MP: 5/5
  3687 | D:5      | 3687 ||| STAIRDANCE
  3906 | D:5      | 3906 ||| Stepping ~*~*~tactically~*~*~ (stealth).
  3908 | D:5      | 3908 ||| Stepping ~*~*~tactically~*~*~ (hiding).
  3909 | D:5      | 3909 ||| INVOKING Berserk.
  3920 | D:5      | Noticed Edmund
  3930 | D:5      | Reached skill level 8 in Axes
  3932 | D:5      | HP: 8/56 [Edmund/+2 flail of holy wrath (10)]
  3933 | D:5      | 3933 ||| READING 3 scrolls of teleportation.
  3934 | D:5      | Slain by a gnoll sergeant

Levels and vault maps discovered:
D:1:      scummos_arrival_hexagon, layout_rooms, serial_shops, shop_statue,
          dk_noncrumbling_4
D:2:      layout_loops_ring, nicolae_titane
D:3:      layout_basic, nzn_overflow_gifts_of_might_and_magic,
          dk_yredelemnul_ordeal, zin_academy, ebering_ecumenical_altar_rust,
          serial_shops, nicolae_shop_advertising_works
          [nicolae_subvault_shop_adworks]
D:4:      layout_rooms, mainiacjoe_overflow_paths, grunt_ministairs_4
D:5:      layout_loops_cross, kennysheep_little_box, uniq_blork_the_orc,
          uniq_edmund

Skill      XL: |  1  2  3  4  5  6 |
---------------+-------------------+-----
Axes           | 4 5 6 7 8 |  8.4
Fighting       | 5 |  5.2
Armour         | |  2.4
Dodging        | |  2.1

Action                   |  1- 3 |  4- 6 || total
-------------------------+-------+-------++-------
Melee: Hand axe          |    92 |   114 ||   206
       Headbutt          |    13 |    13 ||    26
       Punch             |     1 |     2 ||     3
Invok: Berserk           |     3 |     4 ||     7
  Use: Scroll            |     2 |     7 ||     9
       Potion            |     1 |     2 ||     3
Armor: Animal skin       |     6 |       ||     6
       Leather armour    |     6 |     2 ||     8
       Ring mail         |       |    15 ||    15
       Chain mail        |       |    22 ||    22
Dodge: Dodged            |    51 |    47 ||    98

Table legend:
 A = Non-vault XP
 B = Vault XP
 C = Vault XP percentage of total XP
 D = Non-vault monster count
 E = Vault monster count
 F = Vault count percentage of total count
                 A         B        C        D         E       F
            +---------+---------+-------+---------+---------+-------
      Total |     623 |      28 |   4.3 |      81 |       4 |   4.7
            +---------+---------+-------+---------+---------+-------
        D:1 |      39 |       0 |   0.0 |      21 |       0 |   0.0
        D:2 |     132 |       0 |   0.0 |      29 |       0 |   0.0
        D:3 |      30 |      24 |  44.4 |      18 |       2 |  10.0
        D:4 |       9 |       4 |  30.8 |       5 |       2 |  28.6
        D:5 |     413 |       0 |   0.0 |       8 |       0 |   0.0
            +---------+---------+-------+---------+---------+-------
